 Dungeon Crawl Stone Soup version 0.29.1-4-g47bece8355 (webtiles) character file.

Game seed: 13435391967179205171

86049 Haldmier the Brawler (level 15, -1/130 HPs)
             Began as a Ghoul Brigand on Dec 4, 2022.
             Was a High Priest of Okawaru.
             Slain by a cyan ugly thing (14 damage)
             ... on level 14 of the Dungeon.
             The game lasted 02:00:50 (29927 turns).

Haldmier the Brawler (Ghoul Brigand)               Turns: 29927, Time: 02:00:51

Health: -1/130     AC: 17    Str: 23    XL:     15   Next: 85%
Magic:  17/21      EV: 17    Int:  6    God:    Okawaru [*****.]
Gold:   784        SH:  5    Dex: 16    Spells: 15/20 levels left

rFire   . . .      SeeInvis .     - Unarmed
rCold   + . .      Faith    .   (no shield)
rNeg    + + +      Spirit   .   V - +1 troll leather armour
rPois   ∞          Reflect  +   Z - +2 hat
rElec   .          Harm     .   C - +2 cloak
rCorr   +          Rampage  .   (no gloves)
Will    +....                   J - +0 pair of boots
Stlth   ++++......              r - amulet of reflection
HPRegen 0.00/turn               R - ring "Hossotom" {rPois rCorr Dex+6 Slay+3}
MPRegen 0.17/turn               w - +4 ring of protection

@: finesse-ful, inhibited regen
A: claws 1, cold resistance 1, negative energy resistance 3, inhibited
regeneration, torment resistance 2, devour on kill
a: Renounce Religion, Heroism, Finesse, Duel


You were on level 14 of the Dungeon.
You worshipped Okawaru.
Okawaru was extremely pleased with you.
You visited 4 branches of the dungeon, and saw 22 of its levels.

You collected 2184 gold pieces.
You spent 1400 gold pieces at shops.

Inventory:

Missiles
 d - 46 poisoned darts (quivered)
 e - 10 curare-tipped darts
 i - 10 silver javelins
 l - 10 javelins
 n - 18 boomerangs
 p - 2 throwing nets
 K - 3 atropa-tipped darts
 P - 2 boomerangs of dispersal
 Q - 3 silver boomerangs
 S - 5 datura-tipped darts
Armour
 j - a +1 robe of willpower
 C - a +2 cloak (worn)
 H - a scarf of invisibility
 J - a +0 pair of boots (worn)
 O - the +1 chain mail "Athud" {rPois rF- Dex+2 SInv}
   (You found it on level 5 of the Lair of Beasts)

   Dex:       It affects your dexterity (+2).
   rF:        It makes you vulnerable to fire.
   rPois:     It protects you from poison.
   SInv:      It lets you see invisible.
 U - a +2 leather armour of fire resistance
 V - a +1 troll leather armour (worn)
 Y - a +2 robe of cold resistance
 Z - a +2 hat (worn)
Jewellery
 f - the ring of Ru, Shrinking {Wiz rCorr Dex+5}
   (You acquired it on level 10 of the Dungeon)

   [ring of wizardry]

   It improves your spell success rate.
   Dex:       It affects your dexterity (+5).
   rCorr:     It protects you from acid and corrosion.
 r - an amulet of reflection (around neck)
 u - a ring of protection from cold
 w - a +4 ring of protection (right claw)
 A - the ring of Aplerr {Fire MP+9 Dex+4}
   (You found it on level 5 of the Dungeon)

   [ring of fire]

   It enhances your fire magic.
   Dex:       It affects your dexterity (+4).
   rF:        It protects you from fire.
   rC:        It makes you vulnerable to cold.
   MP:        It affects your magic capacity (+9).
 F - a +4 ring of evasion
 R - the ring "Hossotom" (left claw) {rPois rCorr Dex+6 Slay+3}
   (You bought it in a shop on level 2 of the Orcish Mines)

   [ring of dexterity]

   Dex:       It affects your dexterity (+6).
   Slay:      It affects your accuracy & damage with ranged weapons and melee
   (+3).
   rPois:     It protects you from poison.
   rCorr:     It protects you from acid and corrosion.
 T - a ring of flight
Wands
 b - a wand of flame (18)
 c - a wand of polymorph (25)
 y - a wand of iceblast (23)
 X - a wand of digging (1)
Scrolls
 a - 4 scrolls of teleportation
 h - 3 scrolls of enchant armour
 k - 2 scrolls of poison
 o - 6 scrolls of identify
 x - 3 scrolls of amnesia
 E - 2 scrolls of fear
 G - a scroll of torment
 I - 6 scrolls of immolation
 L - 2 scrolls of vulnerability
 N - a scroll of magic mapping
 W - 2 scrolls of blinking
Potions
 g - a potion of flight
 m - 3 potions of cancellation
 q - 4 potions of haste
 s - 9 potions of brilliance
 v - a potion of might
 z - 18 potions of curing
 B - 8 potions of heal wounds
 D - 2 potions of attraction
Miscellaneous
 t - a phial of floods
 M - a lightning rod (4/4)


   Skills:
 + Level 11.3 Fighting
 - Level 1.7 Short Blades
 + Level 9.5 Throwing
 + Level 9.3 Armour
 + Level 9.4 Dodging
 + Level 7.7 Stealth
 * Level 16.6 Unarmed Combat
 - Level 3.0 Spellcasting
 - Level 5.0 Translocations
 + Level 1.6 Air Magic
 + Level 9.5 Invocations


You had 15 spell levels left.
You knew the following spells:

 Your Spells              Type           Power      Damage    Failure   Level
a - Blink                 Tloc           12%        N/A       8%          2
b - Swiftness             Air            2%         N/A       54%         3

Your spell library contained the following spells:

 Spells                   Type           Power      Damage    Failure   Level
 Lesser Beckoning         Tloc           6%         N/A       16%         3
 Shock                    Conj/Air       4%         1d3       30%         1
 Slow                     Hex            0%         N/A       38%         1
 Static Discharge         Conj/Air       1%         3-4/arc   41%         2
 Portal Projectile        Hex/Tloc       6%         N/A       41%         3
 Confusing Touch          Hex            0%         N/A       77%         3
 Dazzling Flash           Conj/Hex       0%         N/A       77%         3
 Vampiric Draining        Necr           0%         2d6       77%         3
 Iskenderun's Mystic Bla  Conj/Tloc      3%         2d3       82%         4
 Manifold Assault         Tloc           6%         N/A       82%         5
 Airstrike                Air            1%         2d(1-17)  91%         4
 Dispel Undead            Necr           0%         3d6       99%         4
 Leda's Liquefaction      Hex/Erth       0%         N/A       99%         4
 Sticky Flame             Conj/Fire      0%         2d3       99%         4
 Agony                    Necr           0%         N/A       100%        5
 Lee's Rapid Deconstruct  Erth           0%         3d5*      100%        5
 Silence                  Hex/Air        0%         N/A       100%        5
 Starburst                Conj/Fire      0%         6d3       100%        6
 Orb of Destruction       Conj           0%         9d5       100%        7
 Call Canine Familiar     Summ           Unusable   N/A       N/A         3
 Summon Guardian Golem    Hex/Summ       Unusable   N/A       N/A         3
 Statue Form              Tmut/Erth      Unusable   N/A       N/A         6
 Spellforged Servitor     Conj/Summ      Unusable   N/A       N/A         7

Dungeon Overview and Level Annotations

Branches:
Dungeon (14/15)            Temple (1/1) D:6            Lair (5/5) D:8
 Shoals (0/4) Lair:2        Snake (0/4) Lair:3        Slime (0/5) Lair:5
    Orc (2/2) D:9             Elf (0/3) Orc:2        Vaults (0/5) D:13

Altars:
Ashenzari
Cheibriados
Dithmenos
Fedhas
Gozag
Hepliaklqana
Kikubaaqudgha
Makhleb
Nemelex Xobeh
Okawaru
Qazlal
Ru
Sif Muna
Trog
Uskayaw
Vehumet
Wu Jian
Xom
Yredelemnul
Jiyva

Shops:
D:5 =   D:6 :   D:13 *   Orc:1 (*   Orc:2 *=*(

Portals:
Pandemonium: Orc:2
Trove: D:11 (give +3 fire dragon scales)

Annotations:
D:11 Crystal room
Lair:3 exclusion: oklob plant


Innate Abilities, Weirdness & Mutations

You are immune to poison.
You have sharp fingernails.
Your flesh is cold resistant. (rC+)
You are immune to negative energy. (rN+++)
You do not regenerate when monsters are visible.
You are immune to unholy pain and torment.
You thrive by killing the living.


Message History

A cyan ugly thing comes into view.
You barely miss the cyan ugly thing.
The cyan ugly thing gurgles horribly!
You claw the cyan ugly thing!!
The cyan ugly thing is severely wounded.
The cyan ugly thing misses you.
You mangle the cyan ugly thing!!
The cyan ugly thing is almost dead.
The cyan ugly thing completely misses you.
You barely miss the cyan ugly thing.
The cyan ugly thing is almost dead.
The cyan ugly thing basks in the mutagenic energy from its kin and changes!
You can now deal lightning-fast blows.
The cyan ugly thing stings you! The cyan ugly thing shocks you!
You scratch the cyan ugly thing.
The cyan ugly thing is almost dead.
The cyan ugly thing stings you but does no damage.
You closely miss the cyan ugly thing.
The cyan ugly thing is almost dead.
You completely miss the cyan ugly thing.
The cyan ugly thing is almost dead.
You claw the cyan ugly thing!
You kill the cyan ugly thing!
Okawaru accepts your kill.
Found a stone staircase leading down.
You see here a +0 longbow.
The cyan ugly thing attacks as you move away!
The cyan ugly thing pecks you! The cyan ugly thing shocks you!
* * * LOW HITPOINT WARNING * * *
Found a thin jewelled staff.
The cyan ugly thing attacks as you move away!
The cyan ugly thing pecks you!
* * * LOW HITPOINT WARNING * * *
The cyan ugly thing shocks you!
* * * LOW HITPOINT WARNING * * *
Found a whip and a scroll of identify.
You feel much better. The cyan ugly thing pecks you!
* * * LOW HITPOINT WARNING * * *
The cyan ugly thing shocks you!
You die...

#### #.## #.##.# .#
#.##.# .##.# #.# # #.#
####. #(#.# ##.?..###
#.#.# ....)...# #.#.#
... #@# #.#.#
...>.#u##### #.#.#
..........u.# #.#.#
......#.###)######.#.#
#...###.# #.#........#
#.. #.###u#..#######
## #.##.c...#
#|#.u#...# ....###..#


You could see a cyan ugly thing.

Vanquished Creatures
  An ettin (Orc:1)
  Josephine (Orc:2)
  Fannar (Arena)
  6 vault guards
  Erolcha (D:13)
  3 boulder beetles
  An ogre mage (D:13)
  A demonspawn (Orc:2)
  Harold (D:11)
  2 catoblepae
  5 hydras
  3 centaur warriors
  A deep troll shaman (Lair:5)
  10 death yaks (Lair:5)
  7 orc high priests
  A tengu warrior (D:14)
  7 two-headed ogres
  Urug (D:10)
  Amaemon (Lair:3)
  4 skeletal warriors
  A lindwurm (Lair:5)
  A deep elf archer (D:13)
  7 orc knights
  Pikel (D:4)
  5 deep elf pyromancers
  5 orc sorcerers
  3 cyclopes
  2 manticores
  4 ugly things
  Maurice (D:12)
  3 elephants (Lair:5)
  3 black mambas
  An orange demon (Lair:3)
  A gargoyle (D:13)
  6 cane toads
  Maggie (D:7)
  An unseen horror (D:11)
  3 rime drakes
  A komodo dragon (Lair:3)
  A yaktaur (D:13)
  6 kobold demonologists
  2 red devils (Orc:2)
  3 meliai (D:13)
  An ice devil (Orc:2)
  2 polar bears
  9 trolls
  A hornet (D:9)
  3 slime creatures (D:12)
  17 blink frogs
  5 wraiths
  A wyvern (Lair:3)
  A ynoxinul (Orc:2)
  66 yaks
  A basilisk (Lair:3)
  A human (shapeshifter) (D:13)
  A steam dragon (D:7)
  6 vampire mosquitoes (D:12)
  4 wargs (Orc:1)
  An acid dragon (D:8)
  Duvessa (D:5)
  13 water moccasins
  A black bear (Lair:5)
  Pargi (D:4)
  38 orc warriors
  An ice beast (D:7)
  13 ogres
  13 wolves
  9 centaurs
  A lemure (D:4)
  2 phantoms (D:5)
  4 kobold brigands
  Blork the orc (D:6)
  10 bullfrogs
  2 necrophages (D:4)
  3 wights (D:8)
  Dowan (D:5)
  14 killer bees
  2 howler monkeys (D:9)
  2 electric eels (Lair:2)
  4 jellies
  27 orc priests
  8 hounds
  2 iguanas
  22 orc wizards
  Natasha (thrice) (D:3)
  A mummy (D:3)
  13 gnolls
  3 adders
  4 white imps
  2 worms
  2 dart slugs
  105 orcs
  8 bats
  10 endoplasms
  4 giant cockroaches
  30 goblins
  32 hobgoblins
  3 jackals (D:2)
  4 quokkas
  10 ball pythons
  5 frilled lizards
  26 kobolds
  6 rats
  A bush (Lair:5)
  A butterfly (Lair:5)
708 creatures vanquished.

Vanquished Creatures (others)
  5 slime creatures (D:14)
  30 fungi
  76 plants
  9 toadstools (Lair:3)
120 creatures vanquished.

Grand Total: 828 creatures vanquished

Notes
Turn   | Place    | Note
-------+----------+-------------------------------------------
     0 | D:1      | Haldmier the Ghoul Brigand began the quest for the Orb.
     0 | D:1      | Reached XP level 1. HP: 17/17 MP: 0/0
    37 | D:1      | Reached skill level 1 in Unarmed Combat
    62 | D:1      | Reached XP level 2. HP: 24/24 MP: 1/1
   108 | D:1      | Reached skill level 2 in Unarmed Combat
   615 | D:2      | Reached XP level 3. HP: 27/29 MP: 2/2
   651 | D:2      | Reached skill level 3 in Unarmed Combat
  1270 | D:2      | Reached XP level 4. HP: 29/36 MP: 3/3
  1476 | D:2      | Reached skill level 4 in Unarmed Combat
  1871 | D:3      | Found a snail-covered altar of Cheibriados.
  1892 | D:3      | Reached XP level 5. HP: 40/41 MP: 4/4
  1903 | D:3      | Noticed Natasha
  1913 | D:3      | Killed Natasha
  1914 | D:3      | Reached skill level 5 in Unarmed Combat
  1938 | D:3      | Noticed Natasha
  1960 | D:3      | Killed Natasha
  2111 | D:3      | Noticed Natasha
  2120 | D:3      | Killed Natasha
  2344 | D:3      | Found a hide-covered altar of Uskayaw.
  2489 | D:3      | Reached skill level 6 in Unarmed Combat
  2653 | D:3      | Reached XP level 6. HP: 32/48 MP: 5/5
  2849 | D:3      | Reached skill level 1 in Dodging
  2861 | D:3      | HP: 2/48 [gnoll/+0 spear (6)]
  3867 | D:4      | Reached skill level 1 in Armour
  3867 | D:4      | Reached XP level 7. HP: 50/56 MP: 6/6
  3892 | D:4      | Noticed Pargi
  3910 | D:4      | Killed Pargi
  3911 | D:4      | Reached skill level 7 in Unarmed Combat
  4825 | D:4      | Noticed Pikel
  4966 | D:4      | Killed Pikel
  4967 | D:4      | Reached skill level 8 in Unarmed Combat
  4967 | D:4      | Reached XP level 8. HP: 53/66 MP: 7/7
  5110 | D:5      | Entered Level 5 of the Dungeon
  5986 | D:5      | Identified the ring of Aplerr {Fire MP+9 Dex+4}
  6090 | D:5      | Reached XP level 9. HP: 72/72 MP: 8/8
  6100 | D:5      | Found Hiemerif's Jewellery Shoppe.
  6328 | D:5      | Reached skill level 9 in Unarmed Combat
  6384 | D:5      | Noticed Dowan
  6404 | D:5      | Killed Dowan
  6421 | D:5      | Noticed Duvessa
  6437 | D:5      | Killed Duvessa
  6597 | D:5      | Reached skill level 5 in Fighting
  6711 | D:5      | Noticed a two-headed ogre
  7362 | D:5      | Killed a two-headed ogre
  7363 | D:5      | Reached skill level 10 in Unarmed Combat
  7438 | D:6      | Found a staircase to the Ecumenical Temple.
  7480 | Temple   | Entered the Ecumenical Temple
  7487 | Temple   | Became a worshipper of Warmaster Okawaru
  7591 | D:6      | Identified the +2 leather armour of Baldness {Str-3 Int+3}
  7609 | D:6      | Reached XP level 10. HP: 83/83 MP: 9/9
  7768 | D:6      | Noticed Blork the orc
  7785 | D:6      | Killed Blork the orc
  7835 | D:6      | Found Ungy's Book Shop.
  7849 | D:6      | Bought a book of Spatial Translocations for 286 gold pieces
  7852 | D:6      | Learned a level 2 spell: Blink
  7981 | D:6      | Reached skill level 5 in Throwing
  8086 | D:6      | Found a sacrificial altar of Ru.
  8410 | D:7      | Reached * piety under Okawaru
  8522 | D:7      | Found a radiant altar of Vehumet.
  8522 | D:7      | Found a broken altar of Ashenzari.
  8553 | D:7      | Found a sparkling altar of Nemelex Xobeh.
  8695 | D:7      | Reached skill level 1 in Translocations
  8737 | D:7      | Reached skill level 1 in Invocations
  8863 | D:7      | Noticed Maggie
  8878 | D:7      | Killed Maggie
  8879 | D:7      | Reached skill level 1 in Spellcasting
  8951 | D:7      | Found a shimmering blue altar of Sif Muna.
  8953 | D:7      | Found a shadowy altar of Dithmenos.
  9066 | D:7      | Reached skill level 5 in Dodging
  9304 | D:8      | Reached ** piety under Okawaru
  9648 | D:8      | Reached skill level 11 in Unarmed Combat
  9875 | D:8      | Reached skill level 5 in Armour
 10253 | D:8      | Reached XP level 11. HP: 91/91 MP: 12/12
 10272 | D:8      | Found a staircase to the Lair.
 10554 | Lair:1   | Entered Level 1 of the Lair of Beasts
 10874 | Lair:1   | Reached *** piety under Okawaru
 11703 | Lair:1   | Reached **** piety under Okawaru
 11829 | Lair:1   | Reached skill level 12 in Unarmed Combat
 12243 | Lair:2   | Received a gift from Okawaru
 12710 | Lair:2   | Found a staircase to the Shoals.
 12751 | Lair:2   | Noticed a five-headed hydra
 12761 | Lair:2   | Killed a five-headed hydra
 12761 | Lair:2   | Reached ***** piety under Okawaru
 12762 | Lair:2   | Reached XP level 12. HP: 89/101 MP: 14/14
 13024 | Lair:2   | Received a gift from Okawaru
 13696 | Lair:3   | Noticed a catoblepas
 13717 | Lair:3   | Killed a catoblepas
 14069 | Lair:3   | Reached skill level 5 in Invocations
 14107 | Lair:3   | Noticed Amaemon
 14130 | Lair:3   | Killed Amaemon
 14333 | Lair:3   | Noticed a seven-headed hydra
 14342 | Lair:3   | Killed a seven-headed hydra
 14563 | Lair:3   | Found a staircase to the Snake Pit.
 14618 | Lair:3   | Received a gift from Okawaru
 14619 | Lair:3   | Reached skill level 13 in Unarmed Combat
 14627 | Lair:3   | Reached skill level 5 in Translocations
 15258 | Lair:3   | Noticed a four-headed hydra
 15265 | Lair:3   | Killed a four-headed hydra
 15319 | Lair:3   | Found a blossoming altar of Fedhas.
 15775 | Lair:4   | Noticed a seven-headed hydra
 15785 | Lair:4   | Killed a seven-headed hydra
 16288 | Lair:5   | Entered Level 5 of the Lair of Beasts
 16302 | Lair:5   | Received a gift from Okawaru
 16323 | Lair:5   | Reached XP level 13. HP: 99/108 MP: 16/16
 16589 | Lair:5   | Received a gift from Okawaru
 16634 | Lair:5   | Received a gift from Okawaru
 16912 | Lair:5   | Reached skill level 14 in Unarmed Combat
 17000 | Lair:5   | Reached ****** piety under Okawaru
 17378 | Lair:5   | Found a staircase to the Slime Pits.
 17378 | Lair:5   | Found a viscous altar of Jiyva.
 17431 | Lair:5   | Identified the +1 chain mail "Athud" {rPois rF- Dex+2 SInv}
 18706 | D:9      | Received a gift from Okawaru
 19251 | D:9      | Found a staircase to the Orcish Mines.
 19375 | D:9      | Received a gift from Okawaru
 19424 | D:9      | Reached XP level 14. HP: 106/119 MP: 18/18
 19871 | Orc:1    | Entered Level 1 of the Orcish Mines
 20254 | Orc:1    | Found Haawnaf's Antique Weapon Emporium.
 20620 | Orc:1    | Found Kurobini's Assorted Antiques.
 20831 | Orc:2    | Entered Level 2 of the Orcish Mines
 21001 | D:10     | Entered Level 10 of the Dungeon
 21030 | D:10     | Found a shimmering altar of Xom.
 21068 | D:10     | Reached skill level 15 in Unarmed Combat
 21071 | D:10     | Reached skill level 10 in Fighting
 21114 | D:10     | Found a stormy altar of Qazlal.
 21141 | D:10     | Found a hazy altar of Hepliaklqana.
 21246 | D:10     | Found a bloodstained altar of Trog.
 21251 | D:10     | Noticed Urug
 21273 | D:10     | Received a gift from Okawaru
 21281 | D:10     | Killed Urug
 21533 | D:10     | Identified a scroll of acquirement
 21534 | D:10     | Acquired the ring of Ru, Shrinking {Wiz rCorr Dex+5}
 21759 | Orc:1    | Received a gift from Okawaru
 21931 | Orc:2    | Reached skill level 5 in Stealth
 21961 | Orc:2    | Noticed Josephine
 21989 | Orc:2    | Killed Josephine
 22018 | Orc:2    | Found a staircase to the Elven Halls.
 22357 | Orc:2    | Found Necoexke's General Store.
 22480 | Orc:2    | Found Cugousih's General Store.
 24773 | Orc:2    | Received a gift from Okawaru
 25366 | Orc:2    | Found Alilon's Antique Weapon Boutique.
 25366 | Orc:2    | Found Raseporo's Jewellery Shop.
 25366 | Orc:2    | Found a one-way gate leading to the halls of Pandemonium.
 25407 | Orc:2    | Bought a scroll of identify for 28 gold pieces
 25439 | Orc:2    | Bought the ring "Hossotom" {rPois rCorr Dex+6 Slay+3} for
                  | 981 gold pieces
 25626 | Orc:2    | Bought a scroll of blinking for 105 gold pieces
 26153 | D:11     | Reached XP level 15. HP: 107/128 MP: 20/20
 26176 | D:11     | Found a portal to a secret trove of treasure.
 26453 | D:11     | Noticed Harold
 26456 | D:11     | Killed Harold
 26893 | D:12     | Reached skill level 16 in Unarmed Combat
 27086 | D:12     | Received a gift from Okawaru
 27246 | D:12     | Noticed Maurice
 27262 | D:12     | Killed Maurice
 27342 | D:12     | Noticed Fannar
 27352 | Arena    | Entered the Arena
 27365 | Arena    | Killed Fannar
 27365 | Arena    | Received a gift from Okawaru
 27435 | D:12     | Identified the +6 bardiche "Killer Bee's Curse" {venom,
                  | Will++ Dex-4}
 28192 | D:13     | Found Urchackoth's General Store.
 28338 | D:13     | Learned a level 3 spell: Swiftness
 28372 | D:13     | Noticed Erolcha
 28414 | D:13     | Killed Erolcha
 28414 | D:13     | Received a gift from Okawaru
 28635 | D:13     | Paralysed by an orc sorcerer for 2 turns
 28639 | D:13     | Paralysed by an orc sorcerer for 4 turns
 28998 | D:13     | Reached skill level 1 in Air Magic
 29003 | D:13     | Found a gate to the Vaults.
 29926 | D:14     | HP: 5/130 [cyan ugly thing (13)]
 29927 | D:14     | Slain by a cyan ugly thing

Illustrated notes

Levels and vault maps discovered:
D:1:      sevenhm_arrival_forest_fort_small_4, layout_basic
D:2:      layout_loops_cross, st_stairs_11, minmay_quadrilaterals
D:3:      minmay_goblin_kobold_castle, layout_rooms, nicolae_uskayaw_suspiria,
          slow_altar_1, uniq_natasha
D:4:      layout_cave_pods, uniq_pargi, uniq_pikel
D:5:      layout_cave_pods, serial_shops, shop, minmay_pentangle, uniq_duvessa
D:6:      layout_basic, nicolae_ru_the_path_less_chosen,
          minmay_temple_entry_crystal_x, serial_shops,
          nicolae_shop_advertising_works [nicolae_subvault_shop_adworks],
          uniq_blork_the_orc
D:7:      layout_basic, nicolae_overflow_hidden_temple, nemelex_altar_shiori,
          uniq_maggie
D:8:      layout_loops_ring, lair_entry_dummy, minmay_orc_keep
D:9:      kennysheep_big_flooded_room, layout_irregular_city, david_orc_4,
          serial_glass, glass_columns_a, glass_columns_a, glass_columns_c,
          glass_columns_a, glass_columns_a, glass_columns_a, glass_columns_a,
          glass_columns_a, glass_columns_a, glass_columns_c
D:10:     layout_rooms, mainiacjoe_overflow_tiny_flanked,
          mainiacjoe_overflow_chevrons, kennysheep_little_box,
          mainiacjoe_overflow_brackets, uniq_urug
D:11:     layout_roguey [special_room_orc], enter_trove_5,
          minmay_misc_feat_rows, minivault_12, uniq_harold
D:12:     layout_basic, minivault_1, uniq_maurice, uniq_fannar
D:13:     layout_loops_corners, grunt_vaults_entry_fortified, serial_shops,
          shop, uniq_erolcha
D:14:     layout_loops_ring, dreamdust_mushroom_princess, uniq_azrael
Temple:   hellmonk_temple_micro_hex
Lair:1:   layout_hall_layers
Lair:2:   layout_chaotic_city, minmay_shoals_entry_centaurs,
          nicolae_lair_lil_pond, serial_bayou_shore_b
Lair:3:   layout_roguey, dummy_snake_entry, serial_forest,
          infiniplex_forest_lined_ring, infiniplex_forest_straight_5,
          infiniplex_forest_end_3, infiniplex_forest_clump_double,
          infiniplex_forest_side_room, infiniplex_forest_clump_double,
          tgw_fedhas, infiniplex_staircase_pool_2, grunt_megastairs_4,
          uniq_amaemon
Lair:4:   layout_long_grid, lemuel_fruit_fields, lemuel_fruit_fields
Lair:5:   grunt_lair_end_beastmaster, layout_regular_city, slime_entry_1
Orc:1:    layout_caves, serial_shops, nicolae_shop_overgrown_old_shop, shop
Orc:2:    pf_orc_diabolical, layout_caves, special_room, mines2_david,
          uniq_josephine

Skill      XL: |  1  2  3  4  5  6  7  8  9 10 11 12 13 14 15 |
---------------+----------------------------------------------+-----
Unarmed Combat | 1 2 3 4 6 8 10 11 12 13 14 15 16 | 16.6
Dodging        | 1 2 3 4 5 6 7 8 9 |  9.4
Throwing       | 2 3 4 5 6 7 8 9 |  9.5
Armour         | 1 2 3 4 5 6 7 8 9 |  9.3
Fighting       | 3 4 5 6 7 8 9 10 11 | 11.3
Translocations | 3 4 5 |  5.0
Invocations    | 2 4 5 7 8 9 |  9.5
Spellcasting   | 1 2 3 |  3.0
Stealth        | 6 7 |  7.7
Air Magic      | 1 |  1.6
Short Blades   | |  1.7

Action                   |  1- 3 |  4- 6 |  7- 9 | 10-12 | 13-15 || total
-------------------------+-------+-------+-------+-------+-------++-------
Melee: Dagger            |    94 |       |       |       |       ||    94
       Unarmed           |    35 |   326 |   261 |   749 |  1376 ||  2747
       Punch             |     1 |     9 |    13 |    55 |   161 ||   239
Throw: Stone             |     2 |       |       |     3 |       ||     5
       Dart              |       |    12 |    42 |    30 |    43 ||   127
       Boomerang         |       |       |     4 |    24 |    43 ||    71
       Javelin           |       |       |       |    17 |     1 ||    18
 Cast: Blink             |       |       |       |       |     6 ||     6
Invok: Heroism           |       |       |       |     1 |     4 ||     5
       Finesse           |       |       |       |       |     5 ||     5
       Duel              |       |       |       |       |     1 ||     1
  Use: Scroll            |       |     3 |     2 |     7 |    16 ||    28
       Potion            |       |       |       |       |     1 ||     1
 Stab: Sleeping          |     7 |     1 |     2 |     6 |     9 ||    25
       Petrified         |       |       |       |     3 |       ||     3
Armor: Robe              |    14 |       |       |       |    28 ||    42
       Chain mail        |    52 |    56 |       |       |       ||   108
       Ring mail         |       |   121 |   107 |    44 |       ||   272
       Steam dragon scal |       |       |       |   235 |   115 ||   350
       Troll leather arm |       |       |       |       |   151 ||   151
Dodge: Dodged            |    39 |   128 |    96 |   429 |   562 ||  1254
Block: Other             |       |       |       |    11 |   195 ||   206
       Reflection        |       |       |       |       |     6 ||     6
